 Dungeon Crawl Stone Soup version 0.29-a0-359-g541a27f54d (webtiles) character file.

Game seed: 16822097847536461089

2935 siradein the Eclecticist (level 9, 0/45 HPs)
             Began as a Deep Elf Fire Elementalist on Apr 27, 2022.
             Slain by an orc warrior
             ... wielding a +0 great sword
              (16 damage)
             ... on level 6 of the Dungeon.
             The game lasted 00:17:16 (7331 turns).

siradein the Eclecticist (DEFE)                     Turns: 7331, Time: 00:17:17

Health: 0/45       AC: 11    Str:  5    XL:     9   Next: 51%
Magic:  14/40      EV: 12    Int: 25    God:
Gold:   333        SH:  0    Dex: 15    Spells: 28/41 levels left

rFire   . . .      SeeInvis .   p - +1 dagger (venom)
rCold   . . .      Faith    .   (no shield)
rNeg    . . .      Spirit   .   y - +0 steam dragon scales
rPois   .          Reflect  .   o - +0 helmet
rElec   .          Harm     .   (no cloak)
rCorr   .          Rampage  .   (no gloves)
Will    .....                   g - +0 pair of boots
Stlth   ++........              k - amulet of regeneration
HPRegen 0.95/turn               z - +4 ring of protection
MPRegen 0.27/turn               C - ring of magical power

@: no status effects
A: no striking features
a: no special abilities


You were on level 6 of the Dungeon.
You visited 2 branches of the dungeon, and saw 7 of its levels.
You also visited: Ossuary.

You collected 333 gold pieces.

Inventory:

Hand Weapons
 p - a +1 dagger of venom (weapon)
Missiles
 A - 2 throwing nets
Armour
 g - a +0 pair of boots (worn)
 o - a +0 helmet (worn)
 y - +0 steam dragon scales (worn)
Jewellery
 k - an amulet of regeneration (around neck)
 w - an amulet of reflection
 z - a +4 ring of protection (left hand)
 B - the ring "Biever" {Ice rN+}
   (You found it on level 5 of the Dungeon)

   [ring of ice]

   It enhances your ice magic.
   rF:        It makes you vulnerable to fire.
   rC:        It protects you from cold.
   rN:        It protects you from negative energy.
 C - a ring of magical power (right hand)
Wands
 f - a wand of flame (45)
Scrolls
 c - 4 scrolls of teleportation
 e - a scroll of brand weapon {unknown}
 q - 2 scrolls of noise {unknown}
 r - 2 scrolls of enchant armour {unknown}
 s - 3 scrolls of amnesia {unknown}
 t - a scroll of magic mapping {unknown}
 v - a scroll of acquirement {unknown}
 x - 2 scrolls of summoning {unknown}
Potions
 a - a potion of flight {unknown}
 b - 2 potions of magic
 d - 3 potions of brilliance
 h - a potion of curing
 i - 2 potions of heal wounds
 j - 4 potions of might
 l - a potion of haste {unknown}
 m - a potion of berserk rage {unknown}
 n - 2 potions of invisibility
 u - a potion of mutation {unknown}


   Skills:
 - Level 2.4 Dodging
 - Level 2.4 Stealth
 + Level 16.9 Spellcasting
 - Level 1.1 Conjurations
 - Level 3.2 Fire Magic


You had 28 spell levels left.
You knew the following spells:

 Your Spells              Type           Power      Damage    Failure   Level
a - Foxfire               Conj/Fire      100%       2x1d9     1%          1
b - Scorch                Fire           74%        2d8       1%          2
c - Conjure Flame         Conj/Fire      32%        6-21      3%          3
d - Inner Flame           Hex/Fire       29%        N/A       3%          3
e - Flame Wave            Conj/Fire      32%        2d8       10%         4

Your spell library contained the following spells:

 Spells                   Type           Power      Damage    Failure   Level
 Frozen Ramparts          Ice            42%        1d6       8%          3
 Cause Fear               Hex            10%        N/A       24%         4
 Ice Form                 Ice/Tmut       21%        N/A       24%         4
 Summon Ice Beast         Ice/Summ       21%        N/A       24%         4
 Discord                  Hex            10%        N/A       100%        8


Dungeon Overview and Level Annotations

Branches:
Dungeon (6/15)             Temple (1/1) D:4         Ossuary (visited)

Altars:
Cheibriados
Dithmenos
Fedhas
Gozag
Hepliaklqana
Kikubaaqudgha
Makhleb
Nemelex Xobeh
Okawaru
Qazlal
Ru
Sif Muna
Trog
Uskayaw
Xom
Yredelemnul
The Shining One

Shops:
D:1 [   D:3 *


Message History

Confirm with . or Enter, or press ? or * to list all spells.
The spell is quite dangerous to miscast (10% risk of failure)!
Continue anyway?
Casting: Flame Wave (quite dangerous; 10% risk of failure)
Press: ? - help, Dir - look around, f - activate A wave of flame ripples out!
The flame wave engulfs the orc warrior.
The orc warrior is heavily wounded. (Press . to intensify the flame waves.)
The orc warrior hits you with a +0 falchion.
Unknown command.
A wave of flame ripples out!
The flame wave engulfs the orc warrior but does no damage.
The orc warrior is heavily wounded.
The flame wave engulfs the orc warrior.
The orc warrior is severely wounded.
You hear a bark!
The orc warrior hits you but does no damage.
A wave of flame ripples out!
The flame wave engulfs the orc warrior!
The orc warrior is almost dead.
The flame wave engulfs the orc warrior but does no damage.
The orc warrior is severely wounded.
The flame wave engulfs the gnoll!
The gnoll is almost dead.
You finish channelling waves of flame.
You hear a shout!
The orc warrior hits you with a +0 falchion!
Casting: Flame Wave (quite dangerous; 10% risk of failure)
Confirm with . or Enter, or press ? or * to list all spells.
The spell is quite dangerous to miscast (10% risk of failure)!
Continue anyway?
Casting: Flame Wave (quite dangerous; 10% risk of failure)
Press: ? - help, Dir - look around, f - activate A wave of flame ripples out!
The flame wave engulfs the orc warrior!
You kill the orc warrior! (Press . to intensify the flame waves.)
You hear a bark!
Unknown command.
A wave of flame ripples out!
The flame wave engulfs the orc warrior!
The orc warrior is almost dead.
You hear a bark!
The orc warrior hits you with a +0 great sword!
You die...

..........#
..........#
....).....#
..........##
...........###
.............
..........# #@#
#o# #.#
####g######.
#..cgo......
#...g.......
#...........
######...........
##....o...........


You could see 2 orc warriors, 2 gnoll sergeants, a centaur and a gnoll.

Vanquished Creatures
  A two-headed ogre (D:5)
  Prince Ribbit (D:5)
  Eustachio (D:4)
  A steam dragon (D:4)
  Edmund (D:4)
  Menkaure (D:6)
  An ice beast (D:5)
  An orc warrior (D:6)
  3 sky beasts
  2 centaurs
  2 elf zombies (Ossuary)
  A phantom (D:5)
  Blork the orc (D:4)
  A bullfrog (D:4)
  A wight (D:6)
  A centaur zombie (Ossuary)
  A human zombie (Ossuary)
  A hound (D:4)
  A jelly (D:3)
  3 orc wizards
  Ijyb (D:4)
  2 hound zombies (Ossuary)
  3 mummies (Ossuary)
  Robin (D:4)
  11 gnolls
  9 adders
  An ufetubus (D:4)
  5 adder zombies (Ossuary)
  3 dart slugs
  7 orcs
  7 ball pythons
  7 endoplasms
  2 giant cockroaches (D:2)
  2 gnoll zombies (Ossuary)
  19 goblins
  11 hobgoblins
  4 jackals (D:5)
  14 kobolds
  2 quokkas
  4 bats
  5 frilled lizards
  4 goblin zombies (Ossuary)
  3 hobgoblin zombies (Ossuary)
  3 jackal zombies (Ossuary)
  3 kobold zombies (Ossuary)
  2 orc zombies (Ossuary)
  4 quokka zombies (Ossuary)
  2 rats (D:3)
  A rat zombie (Ossuary)
168 creatures vanquished.

Vanquished Creatures (collateral kills)
  18 foxfires (D:6)
18 creatures vanquished.

Vanquished Creatures (others)
  4 bushes (D:6)
  967 foxfires
971 creatures vanquished.

Grand Total: 1157 creatures vanquished

Notes
Turn   | Place    | Note
-------+----------+-------------------------------------------
     0 | D:1      | siradein the Deep Elf Fire Elementalist began the quest for
                  | the Orb.
     0 | D:1      | Reached XP level 1. HP: 10/10 MP: 6/6
   198 | D:1      | Reached skill level 4 in Spellcasting
   198 | D:1      | Reached XP level 2. HP: 15/15 MP: 6/9
   821 | D:1      | Found a faded altar of an unknown god.
   936 | D:1      | Found Suqeg's Armour Emporium.
   992 | D:1      | Learned a level 2 spell: Scorch
  1482 | D:2      | Reached XP level 3. HP: 19/19 MP: 7/11
  1589 | D:2      | Reached skill level 5 in Spellcasting
  2567 | D:3      | Found Dil Qavei's General Store.
  2678 | D:3      | Reached skill level 6 in Spellcasting
  2678 | D:3      | Reached XP level 4. HP: 24/24 MP: 9/14
  2787 | D:3      | Reached skill level 7 in Spellcasting
  2906 | D:3      | Reached XP level 5. HP: 28/28 MP: 12/16
  3539 | D:4      | Noticed Robin
  3570 | D:4      | Killed Robin
  3597 | D:4      | Reached skill level 8 in Spellcasting
  3597 | D:4      | Reached XP level 6. HP: 32/32 MP: 0/19
  3694 | D:4      | Noticed Ijyb
  3696 | D:4      | Noticed Eustachio
  3709 | D:4      | Killed Ijyb
  3729 | D:4      | Killed Eustachio
  3730 | D:4      | Reached skill level 9 in Spellcasting
  3754 | D:4      | Found a sand-covered staircase.
  3839 | Ossuary  | Entered an ossuary
  4075 | Ossuary  | Reached skill level 10 in Spellcasting
  4075 | Ossuary  | Reached XP level 7. HP: 34/36 MP: 9/22
  4609 | Ossuary  | Reached skill level 11 in Spellcasting
  4919 | D:4      | Learned a level 3 spell: Conjure Flame
  4923 | D:4      | Learned a level 3 spell: Inner Flame
  4928 | D:4      | Learned a level 4 spell: Flame Wave
  4961 | D:4      | Found a basalt altar of Yredelemnul.
  5087 | D:4      | Found a staircase to the Ecumenical Temple.
  5096 | Temple   | Entered the Ecumenical Temple
  5317 | D:4      | Noticed Edmund
  5330 | D:4      | Killed Edmund
  5331 | D:4      | Reached skill level 12 in Spellcasting
  5331 | D:4      | Reached XP level 8. HP: 41/41 MP: 13/26
  5432 | D:4      | Noticed Blork the orc
  5447 | D:4      | Killed Blork the orc
  5727 | D:4      | Reached skill level 13 in Spellcasting
  6069 | D:5      | Entered Level 5 of the Dungeon
  6101 | D:5      | Found a shimmering blue altar of Sif Muna.
  6202 | D:5      | Noticed Prince Ribbit
  6205 | D:5      | Noticed a two-headed ogre
  6214 | D:5      | Killed a two-headed ogre
  6215 | D:5      | Reached skill level 15 in Spellcasting
  6218 | D:5      | Killed Prince Ribbit
  6219 | D:5      | Reached XP level 9. HP: 15/45 MP: 12/30
  6676 | D:5      | Found an iron altar of Okawaru.
  6713 | D:5      | Identified the ring "Biever" {Ice rN+}
  7051 | D:6      | Reached skill level 16 in Spellcasting
  7162 | D:6      | Found a blossoming altar of Fedhas.
  7248 | D:6      | Noticed Menkaure
  7253 | D:6      | Killed Menkaure
  7331 | D:6      | Slain by an orc warrior

Illustrated notes

Levels and vault maps discovered:
D:1:      scummos_arrival_star, layout_basic, hellmonk_ecumenical_altar_run_dry,
          serial_shops, nicolae_shop_hallway_stairs
D:2:      layout_basic, minmay_tromino_v2
D:3:      layout_rooms, serial_shops, nicolae_shop_hallway_stairs
D:4:      layout_cave_pods, mainiacjoe_overflow_paths,
          minmay_temple_entry_waves, nicolae_ossuary_entry_monument,
          nicolae_figureground_pulse, uniq_eustachio, uniq_robin,
          uniq_blork_the_orc, uniq_edmund, uniq_ijyb
D:5:      layout_cave_pools, okawaru_ov_weapons_minmay,
          nicolae_sif_muna_little_library, kennysheep_nondescript,
          kennysheep_generic_room_9, uniq_prince_ribbit1
D:6:      layout_rooms, fedhas_bush_and_centaur_altar, sword_in_stone,
          uniq_menkaure, uniq_crazy_yiuf_cottage
Temple:   nicolae_temple_god_jail

Skill      XL: |  1  2  3  4  5  6  7  8  9 |
---------------+----------------------------+-----
Spellcasting   | 4 6 7 8 10 12 15 16 | 16.9
Dodging        | |  2.4
Stealth        | |  2.4
Conjurations   | |  1.1
Fire Magic     | |  3.2

Action                   |  1- 3 |  4- 6 |  7- 9 || total
-------------------------+-------+-------+-------++-------
Melee: Unarmed           |       |     3 |       ||     3
 Cast: Foxfire           |   142 |   147 |   287 ||   576
       Scorch            |       |     2 |    18 ||    20
       Inner Flame       |       |       |     4 ||     4
       Flame Wave        |       |       |     4 ||     4
  Use: Scroll            |     1 |     5 |     1 ||     7
       Potion            |       |       |     2 ||     2
Armor: Robe              |     1 |     9 |    10 ||    20
       Steam dragon scal |       |       |    28 ||    28
Dodge: Dodged            |     2 |    19 |    42 ||    63

Table legend: (Time is in decaauts)
 A = Elapsed time spent in this place.
 B = Non-inter-level travel time spent in this place.
 C = Inter-level travel time spent in this place.
 D = Time resting spent in this place.
 E = Time spent auto-exploring this place.
 F = Levels seen in this place.
 G = Mean time per level.
                   A        B        C        D        E       F      G
               +--------+--------+--------+--------+--------+-----+--------+
         Total |   7330 |   7205 |    125 |    137 |   5801 |   8 |  916.2 |
       Dungeon |   6192 |   6067 |    125 |    137 |   4899 |   6 | 1032.0 |
        Temple |     65 |     65 |      0 |      0 |     40 |   1 |   65.0 |
       Ossuary |   1071 |   1071 |      0 |      0 |    862 |   1 | 1071.0 |
               +--------+--------+--------+--------+--------+-----+--------+

Top non-repeatable levels by time:
     D:1: 1433 daAuts
     D:4: 1383 daAuts
     D:2: 1133 daAuts
 Ossuary: 1071 daAuts
     D:3: 981 daAuts
     D:5: 973 daAuts
     D:6: 286 daAuts
  Temple: 65 daAuts
